AoeStats
← polom.s1989

Black Forest

510345143Analyzed
4v4 RM · 1d ago on Sep 30, 2026· 51m 23s· 8 players
Game mode
Random Map
Map size
Large (8 player)
Population
200
Speed
Normal
Resources
Standard
Victory
Conquest
Starting age
Dark Age
Ending age
Imperial Age
RankedLock teamsTeams togetherTeam positionsShared explorationLock speedFull tech treeHidden civsTurbo modeCheats
Victory
Defeat
🇨🇳 Slavs · China
1587
+13
🇩🇪 Italians · Germany
1559
+14
🇨🇿 Spanish · Czechia
1557
+14
🇪🇸 Franks · Spain
1541
+15
🇬🇧 Saracens · United Kingdom
1562
-16
🇨🇳 Danes · China
1535
-15
🇬🇧 Turks · United Kingdom
1483
-13
🇲🇽 Armenians · Mexico
1479
-12
polom.s1989
0:28 Loom
10:20 Feudal Age
15:47 Castle Age
14:54 Double-Bit Axe
15:32 Horse Collar
26:32 Heavy Plow
27:23 Wheelbarrow
28:02 Bow Saw
27:58 Town Watch
28:37 Fletching
30:14 Gold Mining
31:29 Hand Cart
35:57 Imperial Age
35:30 Scale Barding Armor
35:36 Forging
36:19 Bloodlines
35:31 Light Cavalry
37:33 Cavalier
41:03 Iron Casting
42:21 Hussar
44:28 Husbandry
47:28 Chain Barding Armor
48:09 Blast Furnace
47:02 Onager
47:38 Paladin
48:58 Plate Barding Armor
Hommi
10:32 Feudal Age
14:26 Castle Age
12:36 Double-Bit Axe
12:33 Horse Collar
16:03 Bow Saw
23:45 Gold Mining
24:31 Wheelbarrow
28:54 Imperial Age
26:34 Loom
27:10 Hand Cart
27:16 Heavy Plow
28:07 Scale Mail Armor
28:17 Forging
29:04 Chain Mail Armor
29:01 Onager
29:44 Squires
30:05 Pirotechnia
30:20 Conscription
32:04 Plate Mail Armor
34:05 Iron Casting
35:31 Arson
36:51 Blast Furnace
38:38 Hoardings
42:33 Chemistry
42:18 Padded Archer Armor
43:28 Caravan
46:23 Bombard Tower
49:05 Fletching
50:08 Bodkin Arrow
51:11 Bracer
51:40 Silk Road
Pelopincho
6:39 Loom
11:35 Feudal Age
15:16 Castle Age
13:13 Double-Bit Axe
14:49 Wheelbarrow
16:28 Bow Saw
17:25 Stone Mining
17:25 Gold Mining
25:56 Hand Cart
27:40 Ordonnance Companies
32:28 Imperial Age
30:44 Scale Mail Armor
30:54 Forging
31:30 Gold Shaft Mining
32:31 Chain Mail Armor
33:35 Conscription
32:36 Elite Throwing Axeman
34:08 Hoardings
34:28 Plate Mail Armor
34:33 Iron Casting
34:02 Pikeman
34:42 Squires
34:28 Arson
35:24 Masonry
36:17 Chemistry
35:11 Fletching
35:24 Halberdier
36:12 Capped Ram
38:26 Blast Furnace
37:13 Gambesons
40:09 Architecture
39:20 Treadmill Crane
39:51 Fortified Wall
39:47 Siege Engineers
40:02 Ballistics
39:39 Bodkin Arrow
40:32 Onager
42:52 Scale Barding Armor
47:25 Cavalier
48:06 Husbandry
48:27 Chain Barding Armor
48:36 Paladin
51:05 Plate Barding Armor
yesila
0:43 Loom
12:47 Feudal Age
13:05 Man-at-Arms
15:53 Double-Bit Axe
17:28 Fletching
18:42 Horse Collar
23:37 Castle Age
22:01 Gold Mining
23:41 Crossbowman
24:49 Bodkin Arrow
25:52 Wheelbarrow
25:26 Padded Archer Armor
26:49 Bow Saw
29:34 Hand Cart
30:31 Stone Mining
32:06 Heavy Plow
38:09 Imperial Age
36:19 Gold Shaft Mining
38:32 Scale Barding Armor
38:37 Forging
39:30 Conscription
39:13 Detinets
40:29 Two-Man Saw
39:13 Elite Boyar
40:29 Chain Barding Armor
40:44 Iron Casting
40:12 Husbandry
40:22 Bloodlines
40:15 Capped Ram
41:59 Plate Barding Armor
43:34 Blast Furnace
43:38 Caravan
44:52 Crop Rotation
Fluorspar
0:48 Loom
12:06 Feudal Age
18:29 Castle Age
20:06 Fletching
27:18 Fortified Wall
34:43 Horse Collar
34:59 Double-Bit Axe
41:17 Heavy Plow
42:51 Town Watch
43:42 Wheelbarrow
45:37 Caravan
46:02 Hand Cart
50:48 Imperial Age
robecha18
3:38 Loom
11:03 Feudal Age
12:01 Double-Bit Axe
16:30 Castle Age
17:57 Bow Saw
19:37 Gold Mining
19:51 Horse Collar
21:03 Wheelbarrow
21:43 Heavy Plow
22:51 Stone Mining
24:10 Hand Cart
24:18 Elite Skirmisher
24:52 Fletching
25:03 Padded Archer Armor
30:04 Imperial Age
27:57 Ballistics
28:59 Masonry
29:24 Bodkin Arrow
29:32 Scale Mail Armor
30:07 Man-at-Arms
30:32 Gambesons
31:06 Squires
31:21 Forging
31:27 Chain Mail Armor
31:02 Long Swordsman
31:30 Arson
32:19 Conscription
32:47 Gold Shaft Mining
32:56 Iron Casting
32:31 Fereters
32:02 Capped Ram
32:21 Two-Handed Swordsman
33:31 Siege Ram
33:37 Champion
34:59 Plate Mail Armor
35:31 Blast Furnace
35:56 Bracer
38:53 Elite Composite Bowman
42:43 Leather Archer Armor
42:34 Scale Barding Armor
43:32 Chemistry
42:19 Pikeman
46:26 Halberdier
48:00 Ring Archer Armor
48:13 Town Watch
49:31 Murder Holes
The Lord of the Dance
6:18 Loom
12:05 Feudal Age
15:34 Castle Age
18:25 Wheelbarrow
17:42 Double-Bit Axe
17:40 Horse Collar
19:20 Bow Saw
22:59 Heavy Plow
23:36 Gold Mining
26:54 Hand Cart
30:11 Imperial Age
28:40 Scale Barding Armor
28:45 Forging
29:02 Fortified Wall
29:15 Bloodlines
29:06 Husbandry
30:35 Chain Barding Armor
30:31 Cavalier
31:50 Iron Casting
33:43 Plate Barding Armor
35:32 Fletching
35:43 Padded Archer Armor
36:28 Bodkin Arrow
37:34 Blast Furnace
37:21 Parthian Tactics
37:14 Leather Archer Armor
37:31 Bracer
39:29 Masonry
39:45 Ballistics
40:10 Caravan
39:35 Heavy Cavalry Archer
40:21 Thumb Ring
40:02 Heavy Camel Rider
41:33 Sipahi
41:35 Conscription
43:49 Architecture
43:56 Hoardings
43:30 Artillery
44:07 Hoardings
8080
2:18 Loom
11:32 Feudal Age
12:28 Town Watch
13:09 Double-Bit Axe
15:31 Castle Age
13:32 Horse Collar
23:50 Wheelbarrow
24:02 Sanctity
25:41 Fletching
30:03 Imperial Age
28:08 Bow Saw
31:38 Heavy Scorpion
32:32 Heavy Plow
32:21 Capped Ram
33:28 Hand Cart
33:59 Ballistics
34:39 Siege Ram
36:14 Murder Holes
37:38 Scale Mail Armor
38:33 Squires
38:49 Chain Mail Armor
42:24 Chemistry
42:22 Caravan
42:42 Gold Mining
42:43 Stone Mining
42:54 Man-at-Arms
43:20 Gambesons
44:06 Plate Mail Armor
43:47 Forging
43:12 Elite Varangian Guard
46:17 Plate Mail Armor
45:57 Forging
46:14 Pikeman
47:21 Halberdier
48:20 Forging
48:53 Bodkin Arrow
49:49 Iron Casting
49:01 Hamask
50:02 Conscription
50:55 Hoardings
52:09 Blast Furnace
Connection lost

Rejoining the realm…

Still unreachable

The connection could not be restored.

Session expired

The server has moved on; the page needs a fresh start.